 Dungeon Crawl Stone Soup version 0.26.1-11-gd32895ea62 (webtiles) character file.

Game seed: 11265652443871036871

6449 basicallysejuani the Spear-Bearer (level 10, -3/83 HPs)
             Began as a Minotaur Fighter on June 22, 2021.
             Was a Priest of Yredelemnul.
             Slain by an orc knight
             ... wielding a +0 dire flail
              (14 damage)
             ... on level 1 of the Orcish Mines.
             The game lasted 01:46:21 (7332 turns).

basicallysejuani the Spear-Bearer (MiFi)            Turns: 7332, Time: 01:46:22

Health: -3/83      AC: 12    Str: 22 (24) XL:     10   Next: 67%
Magic:  10/12      EV:  9    Int:  3 (5)  God:    Yredelemnul [***...]
Gold:   545        SH:  0    Dex: 10      Spells: 9/9 levels left

rFire    . . .     SeeInvis .   W - +1 halberd (flame)
rCold    . . .     Faith    .   (shield currently unavailable)
rNeg     . . .     Spirit   .   b - +0 scale mail
rPois    .         Reflect  .   (helmet restricted)
rElec    .         Harm     .   M - +1 cloak {Will+}
rCorr    +         Rampage  .   O - +0 pair of gloves {archery}
Will     +....                  (no boots)
Stlth    +.........             y - amulet of regeneration
HPRegen  0.63/turn              C - ring of resist corrosion
MPRegen  0.13/turn              (no ring)

@: hasted, very quick
A: retaliatory headbutt, beak, horns 2, talons 2
a: Renounce Religion, Recall Undead Slaves, Injury Mirror, Animate Dead


You were on level 1 of the Orcish Mines.
You worshipped Yredelemnul.
Yredelemnul was most pleased with you.
You visited 3 branches of the dungeon, and saw 11 of its levels.
You also visited: Sewer.

You collected 545 gold pieces.

Inventory:

Hand Weapons
 d - a +0 trident of venom
 e - a +0 hand crossbow
 h - a +1 whip of flaming
 j - a +2 war axe of freezing
 m - a +0 battleaxe
 u - a +0 shortbow
 w - a +0 dire flail
 L - a +2 quarterstaff of chaos
 P - a +3 vorpal hunting sling
 W - a +1 halberd of flaming (weapon)
 X - a +0 scimitar
 Y - a +0 great sword
Missiles
 n - 200 stones
 s - 17 bolts
 B - 153 arrows
 V - 20 sling bullets
 Z - 2 throwing nets (quivered)
Armour
 b - a +0 scale mail (worn)
 c - a +0 kite shield
 f - a +0 ring mail of positive energy
 p - a +3 leather armour
 t - a +0 pair of gloves
 A - a cursed +0 helmet
 J - a +0 buckler
 K - a +0 kite shield
 M - a +1 cloak of willpower (worn)
 O - a +0 pair of gloves of archery (worn)
 R - the +2 robe of Egu Qout {rN+ Stlth+}
   (You found it on level 5 of the Dungeon)

   It protects you from negative energy.
   It makes you more stealthy.
Jewellery
 y - an amulet of regeneration (around neck)
 C - a ring of resist corrosion (left hand)
Wands
 a - a wand of digging (8)
 D - a wand of polymorph (8)
 H - a wand of paralysis (5)
 U - a wand of acid (7)
Scrolls
 g - a scroll of identify
 k - 6 scrolls of teleportation
 l - 3 scrolls of noise
 q - 6 scrolls of remove curse
 v - a scroll of fog
 x - 6 scrolls of enchant armour
 z - 2 scrolls of fear
 E - a scroll of amnesia {unknown}
 F - 2 scrolls of immolation
 I - a scroll of random uselessness {unknown}
 T - a scroll of blinking
Potions
 i - a potion of brilliance
 o - a potion of lignification
 G - a potion of mutation
 Q - a potion of haste


   Skills:
 - Level 5.6 Fighting
 * Level 1.2(8.2) Axes
 + Level 12.4(12.5) Polearms
 + Level 6.6 Slings
 + Level 8.3 Armour
 - Level 3.0 Stealth
 + Level 6.4 Shields
 * Level 5.1 Invocations
 + Level 1.2 Evocations


You had 9 spell levels left.
You didn't know any spells.
Your spell library contained the following spells:

 Spells                   Type           Power        Failure   Level
 Magic Dart               Conj           0%           80%         1
 Poisonous Vapours        Pois/Air       0%           91%         2
 Searing Ray              Conj           0%           91%         2
 Conjure Flame            Conj/Fire      0%           99%         3
 Dazzling Flash           Conj/Hex       0%           99%         3
 Mephitic Cloud           Conj/Pois/Air  0%           99%         3
 Fulminant Prism          Conj/Hex       0%           100%        4
 Iskenderun's Mystic Bla  Conj/Tloc      0%           100%        4
 Freezing Cloud           Conj/Ice/Air   0%           100%        6


Dungeon Overview and Level Annotations

Branches:
Dungeon (9/15)             Temple (1/1) D:6             Orc (1/2) D:9
  Sewer (visited)
   Lair: D:8-11

Altars:
Ashenzari
Cheibriados
Dithmenos
Elyvilon
Fedhas
Gozag
Hepliaklqana
Kikubaaqudgha
Makhleb
Nemelex Xobeh
Okawaru
Qazlal
Ru
Sif Muna
Trog
Uskayaw
Vehumet
Wu Jian
Xom
Yredelemnul
Zin
The Shining One

Shops:
D:5 [*=*


Innate Abilities, Weirdness & Mutations

You reflexively headbutt those who attack you in melee.
You have a pair of horns on your head.
You have a beak for a mouth.
You have razor-sharp toenails.


Message History

Aim: an orc knight, wielding a +0 dire flail and wearing a +0 chain mail You reach to attack!
You hit the orc knight but do no damage.
Reach: W) +1 halberd (flame)
Press: ? - help, Dir - move target, f/p - orc knight
Aim: an orc knight, wielding a +0 dire flail and wearing a +0 chain mail You reach to attack!
You hit the orc knight. You burn the orc knight.
The orc knight is lightly wounded.
The orc wizard hits your warg zombie with a +2 dagger of freezing.
Your warg zombie misses the orc wizard.
The orc knight hits your orc zombie with a +0 dire flail!
Your orc zombie is destroyed!
Your warg zombie barely misses the orc wizard.
The orc wizard barely misses your warg zombie.
Your warg zombie bites something!
Yredelemnul accepts your kill.
You feel a bit more experienced.
The orc knight hits you with a +0 dire flail!
You die...
Your body rises from the dead as a mindless zombie.

..............##.......
................#......
...#...................
#.#......#................
#.##....###...#..........
. . ##.#####...........$.
.. ####.##.......##. o ...
#............# o#o((.
##....Z#.#@..##oooo..
###..####.o)#oo{o... ####
#...)Z# ##.#.## ###.# #.#
###


You could see an orc knight and a friendly warg zombie.

Vanquished Creatures
  Harold (D:7)
  A two-headed ogre (D:8)
  The ghost of Pepete the Cleaver, a novice MiBe of Trog (D:8)
  Pikel (D:7)
  The ghost of Pepete the Shield-Bearer, a novice FoFi (D:5)
  A wyvern (D:8)
  2 wargs (Orc:1)
  A water moccasin (Sewer)
  2 black bears (D:7)
  7 orc warriors
  2 sky beasts
  2 ogres
  2 centaurs
  5 bullfrogs
  4 scorpions
  A water moccasin zombie (D:8)
  4 howler monkeys
  11 orc wizards
  Crazy Yiuf (D:4)
  2 hounds
  A centaur skeleton (D:8)
  6 orc priests
  A bullfrog skeleton (D:5)
  2 iguanas (D:8)
  2 worker ants
  2 hound skeletons
  3 worker ant zombies
  Robin (D:3)
  6 gnolls (D:6)
  4 adders
  A shadow imp (D:9)
  4 white imps
  An ooze (D:7)
  An adder skeleton (D:9)
  3 worms
  A dart slug (D:1)
  3 leopard geckos
  31 orcs
  4 bats
  4 giant cockroaches
  17 goblins
  10 hobgoblins
  11 jackals
  5 kobolds
  A quokka (D:2)
  A ball python (D:1)
  6 frilled lizards
  A jackal zombie (D:6)
  A leopard gecko skeleton (D:5)
  A quokka skeleton (D:9)
  A quokka zombie (D:5)
  6 rats
194 creatures vanquished.

Vanquished Creatures (collateral kills)
  A water moccasin (D:8)
  A scorpion (D:8)
  An orc wizard (Orc:1)
  4 orcs
7 creatures vanquished.

Vanquished Creatures (others)
  A black bear zombie (D:7)
  A bullfrog zombie (D:9)
  An iguana zombie (D:8)
  8 orc zombies
  A wyvern zombie (D:8)
12 creatures vanquished.

Grand Total: 213 creatures vanquished

Notes
Turn   | Place    | Note
-------+----------+-------------------------------------------
     0 | D:1      | basicallysejuani the Minotaur Fighter began the quest for
                  | the Orb.
     0 | D:1      | Reached XP level 1. HP: 19/19 MP: 0/0
   214 | D:1      | Reached XP level 2. HP: 27/27 MP: 1/1
   386 | D:1      | Reached skill level 3 in Polearms
   893 | D:2      | Reached XP level 3. HP: 33/33 MP: 2/2
   959 | D:2      | You fall into a shaft and drop 1 floor!
  1339 | D:3      | Reached XP level 4. HP: 40/40 MP: 3/3
  1447 | D:3      | Reached skill level 4 in Polearms
  1696 | D:3      | Noticed Robin
  1702 | D:3      | Killed Robin
  2286 | D:4      | Found a runed translucent door.
  2287 | D:4      | Noticed Crazy Yiuf
  2294 | D:4      | Killed Crazy Yiuf
  2295 | D:4      | Reached XP level 5. HP: 46/46 MP: 4/4
  2362 | D:5      | Entered Level 5 of the Dungeon
  2371 | D:5      | Found a runed translucent gate.
  2371 | D:5      | Found a runed translucent gate.
  2371 | D:5      | Found a runed translucent gate.
  2371 | D:5      | Noticed Pepete's ghost (novice FoFi)
  2396 | D:5      | Killed Pepete's ghost
  2397 | D:5      | Reached skill level 6 in Polearms
  2397 | D:5      | Reached skill level 5 in Armour
  2397 | D:5      | Reached XP level 6. HP: 40/53 MP: 5/5
  2435 | D:5      | Found a snail-covered altar of Cheibriados.
  2489 | D:5      | Found Beulahum's General Store.
  2613 | D:5      | Reached skill level 7 in Polearms
  2638 | D:5      | Reached XP level 7. HP: 48/60 MP: 6/6
  2682 | D:5      | Found Nayshrid's Antique Armour Emporium.
  2698 | D:5      | Found Wixkeyga's General Store.
  2755 | D:5      | Reached skill level 5 in Fighting
  2789 | D:5      | Found Oqeuwkia's Jewellery Shoppe.
  2802 | D:5      | Got a shadowed robe
  2813 | D:5      | Identified the +2 robe of Egu Qout {rN+ Stlth+} (You found
                  | it on level 5 of the Dungeon)
  2848 | D:5      | Found a glowing drain.
  2887 | Sewer    | Entered a sewer
  2962 | Sewer    | Reached skill level 1 in Slings
  3429 | D:6      | Found a staircase to the Ecumenical Temple.
  3439 | D:6      | Reached skill level 1 in Stealth
  3460 | Temple   | Entered the Ecumenical Temple
  3593 | Temple   | Became a worshipper of Yredelemnul the Dark
  3686 | D:6      | Reached skill level 5 in Shields
  3691 | D:6      | Reached XP level 8. HP: 62/68 MP: 7/7
  3922 | D:6      | Reached skill level 1 in Invocations
  4157 | D:6      | Reached * piety under Yredelemnul
  4746 | D:7      | Noticed Harold
  4766 | D:7      | Killed Harold
  4767 | D:7      | Reached skill level 8 in Polearms
  4767 | D:7      | Reached XP level 9. HP: 20/75 MP: 9/9
  4837 | D:7      | Reached skill level 1 in Evocations
  4944 | D:7      | Noticed Pikel
  4954 | D:7      | Killed Pikel
  4955 | D:7      | Reached skill level 9 in Polearms
  5090 | D:7      | Found a bloodstained altar of Trog.
  5600 | D:8      | Reached skill level 10 in Polearms
  5612 | D:8      | Found a hide-covered altar of Uskayaw.
  5676 | D:8      | Reached ** piety under Yredelemnul
  5788 | D:8      | Noticed Pepete's ghost (novice MiBe)
  5791 | D:8      | Found a runed translucent door.
  5841 | D:8      | Killed Pepete's ghost
  5842 | D:8      | Reached skill level 11 in Polearms
  5842 | D:8      | Reached XP level 10. HP: 22/83 MP: 11/11
  6134 | D:8      | Noticed a two-headed ogre
  6188 | D:8      | Killed a two-headed ogre
  6742 | D:8      | Reached skill level 12 in Polearms
  6831 | D:8      | Gained mutation: You have a beak for a mouth. [potion of
                  | mutation]
  6831 | D:8      | Gained mutation: You have sharp toenails. [potion of
                  | mutation]
  6831 | D:8      | Gained mutation: You have razor-sharp toenails. [potion of
                  | mutation]
  7094 | D:9      | Found a staircase to the Orcish Mines.
  7155 | Orc:1    | Entered Level 1 of the Orcish Mines
  7173 | Orc:1    | Reached *** piety under Yredelemnul
  7311 | Orc:1    | Reached skill level 1 in Axes
  7317 | Orc:1    | Reached skill level 5 in Invocations
  7319 | Orc:1    | Noticed an orc knight
  7332 | Orc:1    | Slain by an orc knight

Illustrated notes

Levels and vault maps discovered:
D:1:      mushboom_english_gardens, layout_loops_ring
D:2:      layout_basic, nicolae_underground_beach
D:3:      layout_loops_ring, uniq_robin
D:4:      layout_rooms, uniq_crazy_yiuf_cottage
D:5:      layout_loops_ring, gammafunk_ghost_necromancy,
          cheibrodos_sewer_entry_bend, basic_altar, serial_shops, shop,
          shop_fountains, nicolae_shop_overgrown_old_shop, fountainhead,
          kennysheep_doodads, minmay_shop_enchanted_jewellery
D:6:      layout_cave_pods, minmay_temple_entry_sparse_star
D:7:      layout_basic, trog_ov_bears_minmay, uniq_pikel, uniq_harold
D:8:      layout_loops_corners, lemuel_doored_altar,
          hellmonk_ghost_happy_afterlife
D:9:      layout_roguey [special_room_kobold], david_orc_2
Temple:   nicolae_temple_the_god_donut
Orc:1:    nicolae_orc_accident_2, layout_caves

Skill      XL: |  1  2  3  4  5  6  7  8  9 10 |
---------------+-------------------------------+-----
Armour         | 4 5 6 7 8 |  8.3
Polearms       | 3 4 6 7 8 11 12 | 12.4
Shields        | 4 5 6 |  6.4
Fighting       | 4 5 |  5.6
Slings         | 2 6 |  6.6
Stealth        | 1 3 |  3.0
Invocations    | 1 3 5 |  5.1
Evocations     | 1 |  1.2
Axes           | 1 |  1.2

Action                   |  1- 3 |  4- 6 |  7- 9 | 10-12 || total
-------------------------+-------+-------+-------+-------++-------
Melee: Trident           |   119 |   119 |    25 |       ||   263
       Headbutt          |    11 |    14 |    31 |     9 ||    65
       Halberd           |       |       |    80 |    67 ||   147
       Kick              |       |       |       |    11 ||    11
       Peck              |       |       |       |     3 ||     3
       Hunting sling     |       |       |       |     1 ||     1
 Fire: Hunting sling     |       |       |   145 |    49 ||   194
Invok: Animate Remains   |       |       |     3 |    11 ||    14
       Recall Undead Sla |       |       |     1 |       ||     1
       Animate Dead      |       |       |       |     3 ||     3
Evoke: Wand              |       |     1 |     2 |     2 ||     5
  Use: Scroll            |     3 |     2 |     8 |       ||    13
       Potion            |       |     1 |     6 |     9 ||    16
Armor: Ring mail         |    31 |    25 |       |       ||    56
       Robe              |       |       |    19 |       ||    19
       Scale mail        |       |       |    33 |    39 ||    72
Dodge: Dodged            |    34 |    41 |    32 |    25 ||   132
Block: Kite shield       |    41 |    17 |       |       ||    58
       Buckler           |       |     7 |    12 |       ||    19
